 Dungeon Crawl Stone Soup version 0.30-a0-913-g9934a0ce24 (webtiles) character file.

Game seed: 167995910591263625

282 cheesebisquit the Firebug (level 6, -1/45 HPs)
             Began as a Draconian Fire Elementalist on Mar 19, 2023.
             Slain by a quasit (2 damage)
             ... in a sewer.
             The game lasted 00:11:31 (3053 turns).

cheesebisquit the Firebug (DrFE)                    Turns: 3053, Time: 00:11:31

Health: -1/45      AC:  6    Str: 11    XL:     6   Next: 6%
Magic:  7/11       EV: 12    Int: 17    God:
Gold:   70         SH:  0    Dex: 17    Spells: 11/12 levels left

rFire   . . .      SeeInvis +    d - +0 dagger (speed)
rCold   . . .      Faith    .    (no shield)
rNeg    . . .      Spirit   .    (body armour unavailable)
rPois   .          Reflect  .    (helmet restricted)
rElec   .          Rampage  .    (no cloak)
rCorr   .                        (no gloves)
Will    .....                    (no boots)
Stlth   ++                       (no amulet)
HPRegen 0.27/turn                j - +6 ring of dexterity
MPRegen 0.12/turn                (no ring)

@: brilliant, attractive
A: AC +6, unfitting armour, cold-blooded, claws 1, see invisible
a: no special abilities


You were in a sewer.
You visited 1 branch of the dungeon, and saw 3 of its levels.
You also visited: Sewer.

You collected 70 gold pieces.

Inventory:

Hand Weapons
 d - a +0 dagger of speed (weapon)
Missiles
 n - 3 poisoned darts
Jewellery
 j - a +6 ring of dexterity (left claw)
 k - an amulet of faith
Scrolls
 c - a scroll of teleportation
Potions
 b - 3 potions of brilliance
 g - a potion of cancellation {unknown}
 h - a potion of heal wounds {unknown}
 i - a potion of curing {unknown}
 l - a potion of haste {unknown}
 m - a potion of resistance {unknown}


   Skills:
 - Level 1.7 Dodging
 - Level 1.7 Stealth
 + Level 3.6 Spellcasting
 - Level 1.0 Conjurations
 * Level 5.9 Fire Magic


You had 11 spell levels left.
You knew the following spells:

 Your Spells              Type           Power      Damage    Failure   Level
a - Foxfire               Conj/Fire      88%        2x1d8     4%          1

Your spell library contained the following spells:

 Spells                   Type           Power      Damage    Failure   Level
 Scorch                   Fire           68%        2d8       2%          2
 Inner Flame              Hex/Fire       19%        N/A       14%         3
 Kindle Blastsparks       Fire/Tloc/Air  28%        2d12      22%         3
 Flame Wave               Conj/Fire      22%        2d8       36%         4
 Tukima's Dance           Hex            4%         N/A       43%         3
 Vhi's Electric Charge    Tloc/Air       8%         N/A       43%         3
 Passage of Golubria      Tloc           4%         N/A       85%         4
 Arcjolt                  Conj/Air       3%         1d13      98%         5
 Yara's Violent Unravell  Hex/Tmut       2%         3d3       99%         5
 Maxwell's Capacitive Co  Air            2%         ∞         100%        8


Dungeon Overview and Level Annotations

Branches:
Dungeon (3/15)              Sewer (1/1)

Altars:


Innate Abilities, Weirdness & Mutations

Your plain brown scales are hard. (AC +6)
You cannot fit into any form of body armour.
You are cold-blooded and may be slowed by cold attacks.
You have sharp fingernails.
You have supernaturally acute eyesight. (SInv)


Message History

The quasit bites you.
* * * LOW HITPOINT WARNING * * *
The quasit claws you but does no damage.
The quasit closely misses you.
The quasit bites you but does no damage.
The quasit barely misses you. The quasit claws you.
* * * LOW HITPOINT WARNING * * *
You feel clumsy.
It was a potion of brilliance.
You feel clever all of a sudden.
The foxfire hits the quasit but does no damage.
The quasit is severely wounded.
The foxfire hits the quasit but does no damage.
The quasit is severely wounded.
The quasit bites you but does no damage.
The quasit claws you but does no damage. x2
Okay, then.
You are too injured to fight recklessly!
Casting: Foxfire (safe; 4% risk of failure)
Press: ? - help, Q - select action, (/) - cycle Dir - look around, f - activate You feel a surge of power!
You conjure some foxfire!
The foxfire hits the kobold brigand.
The kobold brigand is almost dead.
The quasit closely misses you. The quasit barely misses you. x2
It was a potion of mutation.
You feel extremely strange.
Your fingernails lengthen.
Your vision sharpens.
The foxfire hits the kobold brigand.
You kill the kobold brigand!
You hear a splash. x3
The quasit closely misses you. The quasit barely misses you.
The quasit completely misses you.
You feel your dexterity returning.
You have reached level 6!
Your scales feel tougher.
It was a potion of attraction.
You feel attractive to monsters. The quasit barely misses you.
The quasit claws you.
* * * LOW HITPOINT WARNING * * *
The quasit misses you. The quasit bites you.
You die...

######### ###
.#≈≈≈≈≈≈≈ ≈≈#
..≈≈≈≈≈≈≈ ~≈#
.#≈≈≈≈≈≈≈ .≈#
.##################≈##
.# ≈≈≈≈≈≈≈≈~.).~≈#
.#≈≈≈≈≈≈≈≈≈≈≈≈~)5#.~≈#
.#≈≈≈≈≈≈≈≈≈≈≈≈≈~@#.§≈#
.#≈≈≈≈≈≈≈≈≈≈≈≈~~.#.~≈#
.#≈≈≈≈≈≈≈≈≈≈≈≈...#..≈#
.# ~≈≈≈≈~≈≈~≈~...#.≈≈#
.####≈#≈~###≈#.####)##
.#.............≈≈#...#
....)..)......≈≈≈~K..'
.#.†...........≈≈#...#
####≈##≈##≈###.### .##


You could see a quasit.

Vanquished Creatures
  A kobold brigand (Sewer)
  A quasit (Sewer)
  A hound zombie (D:3)
  3 adders
  A river rat (D:3)
  2 shadow imps (Sewer)
  4 ufetubi (Sewer)
  2 worms (D:2)
  A dart slug (D:2)
  9 ball pythons
  7 bats
  3 endoplasms (D:1)
  6 giant cockroaches
  8 goblins
  5 hobgoblins (D:1)
  3 jackals (D:1)
  3 quokkas
  6 frilled lizards
  18 kobolds
  A kobold zombie (Sewer)
  3 rats
88 creatures vanquished.

Vanquished Creatures (others)
  2 endoplasms (Sewer)
  A kobold zombie (Sewer)
  233 foxfires
  A fungus (D:3)
  3 toadstools (D:3)
  2 withered plants (D:3)
242 creatures vanquished.

Grand Total: 330 creatures vanquished

Notes
Turn   | Place    | Note
-------+----------+-------------------------------------------
     0 | D:1      | cheesebisquit the Draconian Fire Elementalist began the
                  | quest for the Orb.
     0 | D:1      | Reached XP level 1. HP: 14/14 MP: 3/3
   164 | D:1      | Reached XP level 2. HP: 6/20 MP: 0/5
   832 | D:1      | Reached XP level 3. HP: 24/26 MP: 4/6
  1015 | D:1      | Reached skill level 4 in Fire Magic
  2018 | D:2      | Reached XP level 4. HP: 33/33 MP: 6/8
  2575 | D:3      | Found a glowing drain.
  2627 | Sewer    | Entered a sewer
  2631 | Sewer    | Reached skill level 5 in Fire Magic
  2721 | Sewer    | Reached XP level 5. HP: 38/38 MP: 5/9
  3049 | Sewer    | HP: 1/38 [quasit (1)]
  3052 | Sewer    | Gained mutation: You have sharp fingernails. [potion of
                  | mutation]
  3052 | Sewer    | Gained mutation: You have supernaturally acute eyesight.
                  | (SInv) [potion of mutation]
  3053 | Sewer    | Reached XP level 6. HP: 2/45 MP: 7/11
  3053 | Sewer    | Slain by a quasit

Illustrated notes

Levels and vault maps discovered:
D:1:      eino_arrival_water_star, layout_loops_corners, serial_glass,
          glass_columns_b, glass_columns_b
D:2:      layout_loops_ring
D:3:      layout_loops_ring, mainiacjoe_overflow_brackets, old_standard_altar,
          serial_undead, serial_undead_a, serial_undead_c, serial_undead_e,
          serial_undead_f, serial_undead_b, serial_undead_b,
          cheibrodos_sewer_entry_sluice, kennysheep_doodads,
          minmay_gold_behind_fungi, minmay_misc_feat_plants, uniq_grinder
Sewer:    kennysheep_sewer_church

Skill      XL: |  1  2  3  4 |
---------------+-------------+-----
Fire Magic     | 4 5 |  5.9
Spellcasting   | 3 |  3.6
Dodging        | |  1.7
Stealth        | |  1.7
Conjurations   | |  1.0

Action                     |  1- 3 |  4- 6 || total
---------------------------+-------+-------++-------
  Melee: Unarmed           |    38 |       ||    38
         Tailslap          |     9 |    10 ||    19
         Dagger            |    43 |    68 ||   111
   Cast: Foxfire           |    67 |    72 ||   139
    Use: Scroll            |       |     1 ||     1
         Potion            |       |     4 ||     4
 Armour: Skin              |    44 |    81 ||   125
  Dodge: Dodged            |    74 |   118 ||   192

Table legend: (Time is in decaauts)
 A = Elapsed time spent in this place.
 B = Non-inter-level travel time spent in this place.
 C = Inter-level travel time spent in this place.
 D = Time resting spent in this place.
 E = Time spent auto-exploring this place.
 F = Levels seen in this place.
 G = Mean time per level.
                   A        B        C        D        E       F      G
               +--------+--------+--------+--------+--------+-----+--------+
         Total |   3017 |   2914 |    103 |     44 |   2257 |   4 |  754.2 |
       Dungeon |   2607 |   2504 |    103 |     24 |   1999 |   3 |  869.0 |
         Sewer |    409 |    409 |      0 |     20 |    258 |   1 |  409.0 |
               +--------+--------+--------+--------+--------+-----+--------+

Top non-repeatable levels by time:
     D:1: 1526 daAuts
     D:2: 902 daAuts
   Sewer: 409 daAuts
     D:3: 177 daAuts
